 Dungeon Crawl Stone Soup version 0.31-a0-986-g5e6e4ef867 (webtiles) character file.

Game seed: 6437081496935570214

3172 Zonian the Geomancer (level 9, -5/45 HPs)
             Began as a Deep Elf Earth Elementalist on Nov 25, 2023.
             Was a Follower of Vehumet.
             Killed by divine providence
             ... invoked by a meliai
              (15 damage)
             ... on level 8 of the Dungeon.
             The game lasted 00:33:19 (11241 turns).

Zonian the Geomancer (Deep Elf Earth Elementalist) Turns: 11241, Time: 00:33:20

Health: -5/45      AC:  5    Str:  5    XL:     9   Next: 63%
Magic:  11/17      EV: 13    Int: 25    God:    Vehumet [*.....]
Gold:   500        SH:  0    Dex: 15    Spells: 6/16 levels left

rFire   + . .        H - staff of conjuration {!a@e2staff}
rCold   . . .        (no shield)
rNeg    . . .        a - +0 robe
rPois   .            C - +0 helmet
rElec   .            (no cloak)
rCorr   .            (no gloves)
SInv    .            e - +1 pair of boots
Will    +....        h - amulet of regeneration {@e2}
Stlth   ++           m - ring of willpower
HPRegen 1.07/turn    E - ring of protection from fire
MPRegen 0.15/turn

%: no passive effects
@: no status effects
A: no striking features
a: Renounce Religion


You were on level 8 of the Dungeon.
You worshipped Vehumet.
Vehumet was aware of your devotion.
You visited 2 branches of the dungeon, and saw 9 of its levels.

You collected 500 gold pieces.


   Skills:
 + Level 3.4 Dodging
 + Level 3.5 Stealth
 + Level 4.0 Spellcasting
 + Level 9.5 Conjurations
 - Level 1.1 Transmutations
 + Level 11.2 Earth Magic


You had 6 spell levels left.
You knew the following spells:

 Your Spells              Type           Power      Damage    Failure   Level
a - Sandblast             Erth           100%       2d20      1%          1
b - Stone Arrow           Conj/Erth      100%       3d13      1%          3
c - Brom's Barrelling Bo  Conj/Erth      71%        2d8       1%          4
d - Searing Ray           Conj           100%       2d8       1%          2

Your spell library contained the following spells:

 Spells                   Type           Power      Damage    Failure   Level
 Kiss of Death            Conj/Necr      100%       2d13      1%          1
 Magic Dart               Conj           100%       1d8       1%          1
 Shock                    Conj/Air       100%       1d9       1%          1
 Passwall                 Tmut/Erth      29%        N/A       1%          2
 Hailstorm                Conj/Ice       43%        3d10      3%          3
 Petrify                  Tmut/Erth      35%        N/A       8%          4
 Freeze                   Ice            20%        1d4       9%          1
 Fulminant Prism          Conj/Hex       21%        3d12      13%         4
 Frozen Ramparts          Ice            10%        1d2       26%         3
 Swiftness                Air            5%         N/A       26%         3
 Airstrike                Air            2%         2d(1-17)  65%         4
 Simulacrum               Ice/Necr       2%         N/A       100%        6
 Ozocubu's Refrigeration  Ice            2%         4d8       100%        7
 Polar Vortex             Ice            2%         N/A       100%        9

Inventory:

Hand Weapons
 b - a +2 heavy trident {polearm}
   (You took it off a gnoll sergeant on level 8 of the Dungeon)
 p - a +0 dagger {short}
   (You took it off a goblin on level 1 of the Dungeon)
 w - a +3 rapier of flaming {short}
   (You found it on level 8 of the Dungeon)
 y - a +0 broad axe of flaming {axe}
   (You found it on level 8 of the Dungeon)
 A - a +4 short sword of draining {short}
   (You took it off a kobold on level 2 of the Dungeon)
 B - a +0 sling
   (You found it on level 2 of the Dungeon)
Armour
 a - a +0 robe (worn)
 e - a +1 pair of boots (worn)
   (You found it on level 5 of the Dungeon)
 z - the +0 leather armour of Qulo {Dex+6}
   (You found it on level 2 of the Dungeon)

   Dex+6:     It affects your dexterity (+6).
 C - a +0 helmet (worn)
   (You found it on level 2 of the Dungeon)
Magical Staves
 n - the staff of the Scorned {rPois Int+2 Summ Poison, !astaff}
   (You found it on level 5 of the Dungeon)

   [staff of poison]

   Base accuracy: +5 Base damage: 5 Base attack delay: 1.2 This weapon's minimum
   attack delay (0.6) is reached at skill level 12.
   Int+2:     It affects your intelligence (+2).
   rPois:     It protects you from poison Summ: It increases the power of your
   Summonings spells.
   Poison:    It increases the power of your Poison spells.
   It falls into the 'Staves' category.
   It is a one-handed weapon.
 H - a staff of conjuration (weapon) {!a@e2staff}
   (You found it on level 4 of the Dungeon)
Jewellery
 c - an amulet of faith {!P}
   (You found it on level 3 of the Dungeon)
 h - an amulet of regeneration (around neck) {@e2}
   (You found it on level 1 of the Dungeon)
 m - a ring of willpower (left hand)
   (You found it on level 1 of the Dungeon)
 t - a ring of resist corrosion
   (You found it on level 7 of the Dungeon)
 D - a ring of fire
   (You found it on level 2 of the Dungeon)
 E - a ring of protection from fire (right hand)
   (You found it on level 4 of the Dungeon)
Wands
 j - a wand of polymorph (12)
   (You found it on level 5 of the Dungeon)
 v - a wand of roots (2)
   (You found it on level 8 of the Dungeon)
 x - a wand of paralysis (11)
   (You found it on level 8 of the Dungeon)
Scrolls
 i - a scroll of brand weapon
 k - 2 scrolls of teleportation {@r4}
 l - a scroll of fear
 r - a scroll of silence {!r}
Potions
 d - a potion of resistance
 f - a potion of enlightenment
 g - 5 potions of curing {@q1}
 o - a potion of berserk rage {unknown}
 q - 2 potions of ambrosia
 s - a potion of haste {@q3}
 u - 3 potions of mutation {!q}
 F - a potion of might
 G - a potion of heal wounds {unknown}

Dungeon Overview and Level Annotations

Branches:
Dungeon (8/15) Zot: 25336  Temple (1/1) D:5 Zot: 5972
   Lair: D:8-11

Altars:
Cheibriados
Dithmenos
Elyvilon
Fedhas
Gozag
Hepliaklqana
Kikubaaqudgha
Makhleb
Nemelex Xobeh
Okawaru
Qazlal
Ru
Sif Muna
Trog
Uskayaw
Vehumet
Yredelemnul
Zin
The Shining One

Shops:
D:7 =

Annotations:
D:5 Edmund, Eustachio, Sigmund
D:7 Jeremiah

#.# #.
#.##.#....#...## #.#
#. #.#..#....#....##
######.# #.
#.#..##...####..#
.......#
#.###.#...####...##.#
.#######
#.)....#.....#....#.#
.#
#####.#......#....#.#
.# #.#.##...##.....#
.# #.#.#.....###.###
.# #.@...........# .#
#y#.#..###.#### .#
..# #.#.#..###.# ##
#y..###.#....<...#
#..y..B.###..#####
#B..##### #..# e.#
#..####### #........#
#.######.#


You could see a boulder beetle and a meliai.


Message History

b - a +2 heavy trident {polearm} You now have 490 gold pieces (gained 4).
Things that are here:
a +0 scale mail; a +0 kite shield; a gnoll corpse
y - a +0 broad axe of flaming {axe} You now have 500 gold pieces (gained 10).
Found a stone staircase leading up.
There is a stone staircase leading up here.
A centaur comes into view.
The centaur shouts!
The centaur wields a +0 shortbow.
The centaur shoots an arrow.
The arrow completely misses you.
The centaur shoots an arrow.
The arrow misses you.
The centaur shoots an arrow.
The arrow hits you. 😕 HP[-6]
You take 6 damage, and now have 39/45 hp.
The centaur shoots an arrow.
The arrow hits you. 😕 HP[-2]
You take 2 damage, and now have 37/45 hp.
The centaur shoots an arrow.
The arrow hits you! 😮 HP[-10]
You take 10 damage, and now have 27/45 hp.
MASSIVE DAMAGE!! (PAUSE)
Casting: Sandblast (safe; 1% risk of failure)
Confirm with . or Enter, or press ? or * to list all spells.
Aiming: Stone Arrow (safe; 1% risk of failure)
Press: ? - help, Shift-Dir - straight line, f - centaur
Aim: a centaur, wielding a +0 shortbow (87% to hit)
You feel a surge of power!
The stone arrow hits the centaur!
The centaur shoots an arrow.
The arrow hits you. 😮 HP[-2] MP[-3]
You take 2 damage, and now have 25/45 hp.
You lost 3 mp, and now have 13/16 mp.
Unknown command.
Casting: Stone Arrow (safe; 1% risk of failure)
Confirm with . or Enter, or press ? or * to list all spells.
Aiming: Stone Arrow (safe; 1% risk of failure)
Press: ? - help, Shift-Dir - straight line, f/p - centaur
Aim: a centaur, wielding a +0 shortbow (severely wounded, 87% to hit)
You feel a surge of power!
The stone arrow hits the centaur!!
You kill the centaur!
Vehumet accepts your kill.
You feel your power returning.
Your Spellcasting skill increases to level 4! 😮 HP[+1] MP[-2]
You lost 2 mp, and now have 11/17 mp.
Unknown command.
You start resting. 😎 HP[+19] MP[+2]
Your hp is fully restored (45).
You regained 2 mp, and now have 13/17 mp.
You start resting. 😎 MP[+4]
Your mp is fully restored (17).
Unknown command.
A meliai and a boulder beetle come into view.
The meliai buzzes angrily.
A green ugly thing comes into view.
A deep elf pyromancer comes into view. It is wielding a +0 short sword.
The green ugly thing moves out of view.
Aiming: Fastroot
Press: ? - help, Shift-Dir - straight line, f - meliai
Aim: a meliai, wielding a +0 hand axe and wearing a +0 robe The roots erupt in riotous growth!
Roots grab the meliai.
The grasping roots constrict the meliai.
The meliai invokes the aid of its god against you.
Something smites you! The meliai hits you with a +0 hand axe!
* * * LOW HITPOINT WARNING * * *
The meliai misses you. 😨 HP[-24]
You take 24 damage, and now have 21/45 hp.
MASSIVE DAMAGE!! (PAUSE)
Casting: Stone Arrow (safe; 1% risk of failure)
Confirm with . or Enter, or press ? or * to list all spells.
Aiming: Stone Arrow (safe; 1% risk of failure)
Press: ? - help, Shift-Dir - straight line, f/p - meliai
Aim: a meliai, wielding a +0 hand axe and wearing a +0 robe (constricted by roots, 98% to hit)
You feel a surge of power!
The stone arrow hits the meliai!
The grasping roots constrict the meliai.
The roots release their grip on the meliai.
The meliai hits you with a +0 hand axe.
* * * LOW HITPOINT WARNING * * *
The meliai stings you but does no damage.
The meliai hits you with a +0 hand axe!
* * * LOW HITPOINT WARNING * * *
The meliai barely misses you. 😱 HP[-12] MP[-3]
You take 12 damage, and now have 9/45 hp.
MASSIVE DAMAGE!! (PAUSE)
You lost 3 mp, and now have 14/17 mp.
Casting: Stone Arrow (safe; 1% risk of failure)
Confirm with . or Enter, or press ? or * to list all spells.
Aiming: Stone Arrow (safe; 1% risk of failure)
Press: ? - help, Shift-Dir - straight line, f/p - meliai
Aim: a meliai, wielding a +0 hand axe and wearing a +0 robe (severely wounded, 66% to hit)
You feel a surge of power!
The stone arrow misses the meliai.
The meliai invokes the aid of its god against you.
Something smites you!
You die...

Skill      XL: |  1  2  3  4  5  6  7  8  9 |
---------------+----------------------------+-----
Earth Magic    | 4 5 6 7 8 10 11 | 11.2
Conjurations   | 1 3 4 6 8 9 |  9.5
Dodging        | 3 |  3.4
Stealth        | 3 |  3.5
Spellcasting   | 4 |  4.0
Transmutations | |  1.1

Action                     |  1- 3 |  4- 6 |  7- 9 || total
---------------------------+-------+-------+-------++-------
  Melee: Short sword       |       |     5 |     7 ||    12
  Throw: Dart              |       |       |     1 ||     1
   Cast: Sandblast         |    50 |    82 |    19 ||   151
         Stone Arrow       |       |    14 |    60 ||    74
         Searing Ray       |       |       |     7 ||     7
         Brom's Barrelling |       |       |     9 ||     9
  Evoke: Wand              |       |       |     2 ||     2
    Use: Scroll            |       |    14 |    11 ||    25
         Potion            |       |     2 |     1 ||     3
 Armour: Robe              |     2 |    23 |    62 ||    87
  Dodge: Dodged            |     9 |    22 |    40 ||    71

Levels and vault maps discovered:
D:1:      dpeg_arrival_tiny_c, layout_basic,
          hellmonk_ecumenical_altar_heavens_door, roderic_serpentine_path
D:2:      minmay_skewed_foursquare, layout_basic, chequers_big_river
D:3:      layout_basic, serial_bayou, serial_bayou_ford_a,
          serial_bayou_lagoon_b, serial_bayou_shore_b, serial_bayou_shore_a,
          serial_bayou_pond_d, serial_bayou_pond_d
D:4:      layout_cave_pools, chequers_temple_overflow_statue_of_worship,
          minmay_lizard_king
D:5:      layout_gridville, minmay_temple_entry_waves, minmay_splitting_lines,
          uniq_eustachio, uniq_sigmund, uniq_edmund
D:6:      layout_gridville, mainiacjoe_overflow_concentric_impassable
D:7:      layout_basic, serial_shops, shop, uniq_jeremiah
D:8:      minmay_blocky_corners, layout_loops_ring,
          mainiacjoe_overflow_chevrons, minmay_bent
Temple:   nicolae_temple_ecumenical_triangle

Notes
Turn   | Place    | Note
-------+----------+-------------------------------------------
     0 | D:1      | Zonian the Deep Elf Earth Elementalist began the quest for
                  | the Orb.
     0 | D:1      | Reached XP level 1. HP: 10/10 MP: 6/6
     0 | D:1      | magus.rc [v1.9.6]
   417 | D:1      | Reached skill level 4 in Earth Magic
   417 | D:1      | Reached XP level 2. HP: 15/15 MP: 6/8
   930 | D:1      | Found a faded altar of an unknown god.
  1042 | D:2      | Identified the +0 leather armour of Qulo {Dex+6}
  1048 | D:2      | Reached XP level 3. HP: 19/19 MP: 7/9
  1052 | D:2      | Learned a level 3 spell: Stone Arrow
  1199 | D:2      | Reached skill level 5 in Earth Magic
  1240 | D:2      | You pick up a book of Ice and begin reading...
  1240 | D:2      | You add the spells Simulacrum, Ozocubu's Refrigeration and
                  | Polar Vortex to your library.
  1465 | D:2      | Reached XP level 4. HP: 24/24 MP: 8/10
  1590 | D:2      | You fall into a shaft and drop 2 floors!
  1669 | D:4      | Noticed an ogre
  1697 | D:3      | Noticed an ogre
  1926 | D:3      | Reached skill level 1 in Conjurations
  2899 | D:2      | Reached skill level 6 in Earth Magic
  2949 | D:2      | Identified the +3 great sword "Impslayer" {protect, rC+ rN+
                  | rCorr MP-9}
  3009 | D:2      | Reached XP level 5. HP: 28/28 MP: 9/11
  4163 | D:4      | Found a stormy altar of Qazlal.
  4163 | D:4      | Found a shadowy altar of Dithmenos.
  4163 | D:4      | Found a shimmering blue altar of Sif Muna.
  4241 | D:4      | Reached skill level 2 in Conjurations
  4702 | D:5      | Entered Level 5 of the Dungeon
  4785 | D:5      | Learned a level 4 spell: Brom's Barrelling Boulder
  4833 | D:5      | Noticed Eustachio
  5060 | D:5      | Reached skill level 3 in Conjurations
  5060 | D:5      | Reached XP level 6. HP: 32/32 MP: 8/12
  5107 | D:5      | Noticed Sigmund
  5182 | D:5      | Noticed Edmund
  5210 | D:5      | Reached skill level 7 in Earth Magic
  5315 | D:5      | Found a staircase to the Ecumenical Temple.
  5321 | Temple   | Entered the Ecumenical Temple
  5334 | Temple   | Became a worshipper of Vehumet
  5352 | D:5      | Reached skill level 4 in Conjurations
  5655 | D:5      | Identified the staff of the Scorned {rPois Int+2 Summ
                  | Poison}
  5756 | D:5      | Reached XP level 7. HP: 36/36 MP: 6/13
  6448 | D:6      | You pick up a book of Air and begin reading...
  6448 | D:6      | You add the spells Shock, Swiftness and Airstrike to your
                  | library.
  6568 | D:6      | Reached skill level 5 in Conjurations
  6657 | D:6      | Found a snail-covered altar of Cheibriados.
  6680 | D:6      | You pick up a book of Conjurations {@e2} and begin
                  | reading...
  6680 | D:6      | You add the spells Magic Dart, Searing Ray and Fulminant
                  | Prism to your library.
  6692 | D:6      | Learned a level 2 spell: Searing Ray
  6723 | D:6      | Reached skill level 8 in Earth Magic
  7611 | D:6      | Noticed a steam dragon
  7619 | D:6      | Killed a steam dragon
  7620 | D:6      | Reached skill level 6 in Conjurations
  7620 | D:6      | Reached XP level 8. HP: 41/41 MP: 4/14
  7905 | D:7      | Reached * piety under Vehumet
  7905 | D:7      | Offered knowledge of Kiss of Death by Vehumet.
  7906 | D:7      | Reached skill level 9 in Earth Magic
  8181 | D:7      | Reached skill level 7 in Conjurations
  8284 | D:7      | Found Defuw's Jewellery Shoppe.
  8305 | D:7      | Noticed Jeremiah
  9296 | D:7      | You pick up a book of Frost and begin reading...
  9296 | D:7      | You add the spells Freeze, Frozen Ramparts and Hailstorm to
                  | your library.
  9596 | D:7      | Reached skill level 8 in Conjurations
  9596 | D:7      | Reached skill level 10 in Earth Magic
 10355 | D:8      | Reached XP level 9. HP: 42/45 MP: 3/15
 10489 | D:8      | Found an iron altar of Okawaru.
 10547 | D:8      | Noticed a two-headed ogre
 10642 | D:8      | Reached skill level 9 in Conjurations
 10657 | D:8      | Noticed a manticore
 10921 | D:8      | Reached skill level 11 in Earth Magic
 11001 | D:8      | Killed an unseen horror
 11002 | D:8      | Reached skill level 3 in Dodging
 11002 | D:8      | Reached skill level 3 in Stealth
 11179 | D:8      | Reached skill level 4 in Spellcasting
 11234 | D:8      | Noticed a meliai
 11234 | D:8      | Noticed a boulder beetle
 11234 | D:8      | Noticed a green ugly thing
 11234 | D:8      | Noticed a deep elf pyromancer
 11240 | D:8      | HP: 9/45 [meliai/+0 hand axe (11)]
 11241 | D:8      | Killed from afar by a meliai

Vanquished Creatures
  An unseen horror (D:8)
  3 yaks (D:8)
  A wyvern (D:8)
  A steam dragon (D:6)
  2 water moccasins
  An orc warrior (D:8)
  An ogre (D:6)
  A sky beast (D:7)
  3 centaurs
  3 phantoms
  2 kobold brigands (D:7)
  A gnoll sergeant (D:8)
  A bullfrog (D:6)
  A scorpion (D:5)
  3 killer bees (D:7)
  4 jellies
  3 hounds (D:5)
  3 orc priests
  A gnoll bouda (D:6)
  2 orc wizards
  5 iguanas
  4 gnolls (D:6)
  8 adders
  2 shadow imps
  2 white imps
  2 ufetubi (D:6)
  3 worms (D:2)
  4 dart slugs
  12 orcs
  7 endoplasms
  3 giant cockroaches
  10 goblins
  8 hobgoblins
  A quokka (D:1)
  9 ball pythons
  6 bats
  13 frilled lizards
  24 kobolds
  7 rats
168 creatures vanquished.

Vanquished Creatures (collateral kills)
  3 boulders (D:8)
3 creatures vanquished.

Vanquished Creatures (others)
  3 boulders (D:8)
3 creatures vanquished.

Grand Total: 174 creatures vanquished

Table legend:
 A = Non-vault XP
 B = Vault XP
 C = Vault XP percentage of total XP
 D = Non-vault monster count
 E = Vault monster count
 F = Vault count percentage of total count
                 A         B        C        D         E       F
            +---------+---------+-------+---------+---------+-------
      Total |    3855 |     677 |  14.9 |     147 |      21 |  12.5
            +---------+---------+-------+---------+---------+-------
        D:1 |      29 |       0 |   0.0 |      20 |       0 |   0.0
        D:2 |      74 |      12 |  14.0 |      24 |       6 |  20.0
        D:3 |      83 |       0 |   0.0 |      23 |       0 |   0.0
        D:4 |      12 |      44 |  78.6 |       8 |      10 |  55.6
        D:5 |     525 |       0 |   0.0 |      17 |       0 |   0.0
        D:6 |     658 |       0 |   0.0 |      16 |       0 |   0.0
        D:7 |    1097 |       0 |   0.0 |      22 |       0 |   0.0
        D:8 |    1377 |     621 |  31.1 |      17 |       5 |  22.7
            +---------+---------+-------+---------+---------+-------

Skill      XL: |  1  2  3  4  5  6  7  8  9 |
---------------+----------------------------+-----
Earth Magic    | 4 5 6 7 8 10 11 | 11.2
Conjurations   | 1 3 4 6 8 9 |  9.5
Dodging        | 3 |  3.4
Stealth        | 3 |  3.5
Spellcasting   | 4 |  4.0
Transmutations | |  1.1

Action                     |  1- 3 |  4- 6 |  7- 9 || total
---------------------------+-------+-------+-------++-------
  Melee: Short sword       |       |     5 |     7 ||    12
  Throw: Dart              |       |       |     1 ||     1
   Cast: Sandblast         |    50 |    82 |    19 ||   151
         Stone Arrow       |       |    14 |    60 ||    74
         Searing Ray       |       |       |     7 ||     7
         Brom's Barrelling |       |       |     9 ||     9
  Evoke: Wand              |       |       |     2 ||     2
    Use: Scroll            |       |    14 |    11 ||    25
         Potion            |       |     2 |     1 ||     3
 Armour: Robe              |     2 |    23 |    62 ||    87
  Dodge: Dodged            |     9 |    22 |    40 ||    71

Illustrated notes

Table legend:
 A = Kills in this place as a percentage of kills in the entire game.
 B = Kills by you in this place as a percentage of kills by you in the entire game.
 C = Kills by friends in this place as a percentage of kills by friends in the entire game.
 D = Other kills in this place as a percentage of other kills in the entire game.
 E = Experience gained in this place as a percentage of experience gained in the entire game.
 F = Experience gained in this place divided by the number of levels of this place that you have seen.
                   A       B       C       D       E      F
               +-------+-------+-------+-------+-------+----------------------
         Total | 100.0 | 100.0 |   N/A |   N/A | 100.0 | 503.6
       Dungeon | 100.0 | 100.0 |   N/A |   N/A | 100.0 | 566.5
               +-------+-------+-------+-------+-------+----------------------

Table legend: (Time is in decaauts)
 A = Elapsed time spent in this place.
 B = Non-inter-level travel time spent in this place.
 C = Inter-level travel time spent in this place.
 D = Time resting spent in this place.
 E = Time spent auto-exploring this place.
 F = Levels seen in this place.
 G = Mean time per level.
                   A        B        C        D        E       F      G
               +--------+--------+--------+--------+--------+-----+--------+
         Total |  11333 |  11123 |    210 |   3191 |   5482 |   9 | 1259.2 |
       Dungeon |  11306 |  11096 |    210 |   3191 |   5482 |   8 | 1413.2 |
        Temple |     27 |     27 |      0 |      0 |      0 |   1 |   27.0 |
               +--------+--------+--------+--------+--------+-----+--------+

Top non-repeatable levels by time:
     D:7: 1956 daAuts
     D:3: 1721 daAuts
     D:6: 1657 daAuts
     D:8: 1479 daAuts
     D:2: 1275 daAuts
     D:5: 1179 daAuts
     D:4: 1085 daAuts
     D:1: 952 daAuts
  Temple: 27 daAuts
